 Dungeon Sprint DCSS version 0.31-a0-348-g810772c3d7 (webtiles) character file.

Game seed: 16628713072351598112

26749 Conn the Scorcher (level 13, -6/76 HPs)
             Began as an Octopode Fire Elementalist on July 23, 2023.
             Was the Champion of Sif Muna.
             Mangled by a four-headed hydra (15 damage)
             ... in the Dungeon (Sprint III: "The Ten Rune Challenge").
             The game lasted 00:33:07 (5026 turns).

Conn the Scorcher (Octopode Fire Elementalist)      Turns: 5026, Time: 00:33:08

Health: -6/76      AC:  3    Str: 12    XL:     13   Next: 28%
Magic:  29/33      EV: 15    Int: 27    God:    Sif Muna [******]
Gold:   2370       SH:  5    Dex: 13    Spells: 4/45 levels left

rFire   + . .        g - staff of fire
rCold   + + .        (no shield)
rNeg    + . .        c - +2 hat
rPois   +            w - amulet of reflection
rElec   .            m - ring of protection from cold
rCorr   .            n - ring of the Freezing Gods {rPois rC+ Will+ Stlth+}
SInv    .            o - ring of the Sky {Wiz rN+ Str+4}
Will    +....        s - +6 ring of intelligence
Stlth   ++++++       (no ring)
HPRegen 0.32/turn    (no ring)
MPRegen 0.23/turn    (no ring)
                     (no ring)

%: no teleportation, reflection, wizardry (x1)
@: studying Fighting
A: almost no armour, amphibious, 8 rings, camouflage 1, gelatinous body 1,
nimble swimmer 1, tentacles
a: Renounce Religion, Channel Magic, Forget Spell, Divine Exegesis


You were in the Dungeon.
You worshipped Sif Muna.
Sif Muna was exalted by your worship.
You visited 1 branch You collected 2594 gold pieces.
You spent 224 gold pieces at shops.

Inventory:

Hand Weapons
 u - the +0 hand axe of Departure {vamp, rF+ Int-4 Dex+4}
   (You took it off a deep elf demonologist in the Dungeon)

   Int:       It affects your intelligence (-4).
   Dex:       It affects your dexterity (+4).
   rF:        It protects you from fire.
 v - the +7 war axe of the Pyrrhic Victory {flame, rElec rN+ rCorr}
   (You took it off a deep elf death mage in the Dungeon)

   rElec:     It insulates you from electricity.
   rN:        It protects you from negative energy.
   rCorr:     It protects you from acid and corrosion.
Missiles
 i - 6 curare-tipped darts (quivered)
Armour
 c - a +2 hat (worn)
Magical Staves
 g - a staff of fire (weapon)
 q - a staff of conjuration
Jewellery
 d - the amulet of the Rose {Spirit Harm rC+ Regen+ Str-2}
   (You took it off a deep elf death mage in the Dungeon)

   [amulet of guardian spirit]

   It causes incoming damage to be divided between your reserves of health and
   magic.
   Str:       It affects your strength (-2).
   rC:        It protects you from cold.
   Regen:     It increases your rate of health regeneration.
   Harm:      It increases damage dealt and taken.
 m - a ring of protection from cold (left tentacle)
 n - the ring of the Freezing Gods (right tentacle) {rPois rC+ Will+ Stlth+}
   (You found it in the Dungeon)

   [ring of willpower]

   rC:        It protects you from cold.
   rPois:     It protects you from poison.
   Will:      It increases your willpower.
   Stlth:     It makes you more stealthy.
 o - the ring of the Sky (on tentacle) {Wiz rN+ Str+4}
   (You found it in the Dungeon)

   [ring of wizardry]

   It improves your spell success rate.
   Str:       It affects your strength (+4).
   rN:        It protects you from negative energy.
 s - a +6 ring of intelligence (on tentacle)
 w - an amulet of reflection (around mantle)
Wands
 h - a wand of polymorph (3)
 r - a wand of roots (2)
 t - a wand of digging (5)
Scrolls
 e - 2 scrolls of immolation
 f - a scroll of blinking
 p - 2 scrolls of amnesia
Potions
 a - 2 potions of magic
 b - a potion of curing
 j - a potion of enlightenment
 k - 4 potions of mutation
Miscellaneous
 l - a box of beasts


   Skills:
 + Level 2.6 Fighting
 + Level 6.3 Dodging
 - Level 7.0 Stealth
 + Level 16.5 Spellcasting
 * Level 15.7 Conjurations
 + Level 6.5 Hexes
 + Level 0.6 Summonings
 + Level 0.4 Translocations
 + Level 18.7 Fire Magic
 + Level 6.0 Ice Magic
 * Level 13.2 Earth Magic
 + Level 3.3 Invocations
 + Level 0.1 Evocations


You had 4 spell levels left.
You knew the following spells:

 Your Spells              Type           Power      Damage    Failure   Level
a - Foxfire               Conj/Fire      100%       2x1d9     0%          1
b - Scorch                Fire           100%       2d9       0%          2
c - Inner Flame           Hex/Fire       94%        N/A       1%          3
d - Flame Wave            Conj/Fire      100%       2d21      0%          4
e - Summon Guardian Gole  Hex/Summ       41%        N/A       1%          3
f - Fireball              Conj/Fire      53%        3d21      1%          5
g - Iskenderun's Mystic   Conj/Tloc      60%        2d13      1%          4
h - Lee's Rapid Deconstr  Erth           38%        3d19*     1%          5
i - Starburst             Conj/Fire      53%        6d14      1%          6
j - Metabolic Englaciati  Hex/Ice        27%        N/A       1%          5
k - Mephitic Cloud        Conj/Pois/Air  50%        N/A       1%          3

Your spell library contained the following spells:

 Spells                   Type           Power      Damage    Failure   Level
 Magic Dart               Conj           100%       1d8       0%          1
 Sandblast                Erth           100%       2d20      0%          1
 Searing Ray              Conj           100%       2d8       0%          2
 Stone Arrow              Conj/Erth      100%       3d13      0%          3
 Sticky Flame             Conj/Fire      100%       2d11      0%          4
 Kiss of Death            Conj/Necr      100%       2d13      1%          1
 Necrotise                Necr           88%        1d8       1%          1
 Shock                    Conj/Air       100%       1d9       1%          1
 Call Imp                 Summ           50%        N/A       1%          2
 Static Discharge         Conj/Air       100%       2-7/arc   1%          2
 Wereblood                Tmut           22%        N/A       1%          2
 Confusing Touch          Hex            55%        N/A       1%          3
 Dazzling Flash           Conj/Hex       100%       N/A       1%          3
 Hailstorm                Conj/Ice       69%        3d14      1%          3
 Ozocubu's Armour         Ice            53%        N/A       1%          3
 Portal Projectile        Hex/Tloc       80%        N/A       1%          3
 Tukima's Dance           Hex            55%        N/A       1%          3
 Volatile Blastmotes      Fire/Tloc      100%       2d18      1%          3
 Fulminant Prism          Conj/Hex       35%        3d17      1%          4
 Petrify                  Tmut/Erth      55%        N/A       1%          4
 Vhi's Electric Charge    Tloc/Air       46%        N/A       2%          3
 Airstrike                Air            11%        2d(2-18)  9%          4
 Dispel Undead            Necr           22%        3d12      9%          4
 Olgreb's Toxic Radiance  Pois           22%        N/A       9%          4
 Arcjolt                  Conj/Air       29%        1d39      1%          5
 Borgnjor's Vile Clutch   Necr/Erth      27%        N/A       1%          5
 Freezing Cloud           Conj/Ice/Air   28%        6-21      1%          5
 Irradiate                Conj/Tmut      29%        3d21      1%          5
 Iskenderun's Battlesphe  Conj           82%        2d13      1%          5
 Leda's Unmaking          Conj/Erth      39%        9d7       1%          6
 Orb of Destruction       Conj           41%        9d11      1%          7
 Ignition                 Fire           55%        3d15      2%          8
 Plasma Beam              Fire/Air       41%        2x1d55    3%          6
 Lehudib's Crystal Spear  Conj/Erth      39%        10d10     16%         8
 Simulacrum               Ice/Necr       19%        N/A       36%         6
 Ozocubu's Refrigeration  Ice            26%        4d13      52%         7
 Fire Storm               Conj/Fire      53%        8d14      56%         9
 Discord                  Hex            27%        N/A       98%         8
 Shatter                  Erth           38%        3d30*     98%         9
 Disjunction              Tloc           12%        N/A       100%        8
 Chain Lightning          Conj/Air       29%        3d39      100%        9
 Death's Door             Necr           11%        N/A       100%        9
 Animate Armour           Summ/Erth      Unusable   N/A       N/A         4

Dungeon Overview and Level Annotations

Branches:
Dungeon (1/1)

Altars:
Cheibriados
Dithmenos
Elyvilon
Fedhas
Gozag
Hepliaklqana
Kikubaaqudgha
Makhleb
Nemelex Xobeh
Okawaru
Qazlal
Ru
Sif Muna
Trog
Uskayaw
Vehumet
Wu Jian
Xom
Yredelemnul
Zin
The Shining One
Jiyva
Lugonu

Shops:
D [


Innate Abilities, Weirdness & Mutations

You cannot wear most types of armour.
You are amphibious.
You can wear up to eight rings at the same time.
Your skin changes colour to match your surroundings (Stealth+).
Your rubbery body absorbs attacks. (AC +1, EV +1)
You are camouflaged when in or above water. (Stealth+)
You have tentacles for arms and can constrict up to eight enemies at once.


Message History

The four-headed hydra roars!
You enter the deep water.
You block the eight-headed hydra's attack.
The eight-headed hydra bites you! The eight-headed hydra bites you.
You block the eight-headed hydra's attack.
The eight-headed hydra barely misses you.
The eight-headed hydra bites you.
The eight-headed hydra closely misses you.
The eight-headed hydra bites you. The four-headed hydra bites you.
The four-headed hydra closely misses you.
You block the four-headed hydra's attack.
The four-headed hydra completely misses you.
Unknown command.
Unknown command.
Unknown command.
Casting: Starburst (dangerous; 1% risk of failure)
Confirm with . or Enter, or press ? or * to list all spells.
You erupt in a blast of force!
The mystic blast hits the four-headed hydra!
The four-headed hydra is lightly wounded.
The four-headed hydra is knocked back by the mystic blast.
The four-headed hydra slams into the rock wall!
The four-headed hydra is moderately wounded.
The mystic blast hits the eight-headed hydra!
The eight-headed hydra is lightly wounded.
The eight-headed hydra bites you!
The eight-headed hydra completely misses you.
The eight-headed hydra barely misses you.
The eight-headed hydra bites you!
* * * LOW HITPOINT WARNING * * *
The eight-headed hydra barely misses you. x2
You block the eight-headed hydra's attack.
The eight-headed hydra bites you.
* * * LOW HITPOINT WARNING * * *
The electric eel shoots out a bolt of lightning at you!
The bolt of electricity misses you. The four-headed hydra bites you.
* * * LOW HITPOINT WARNING * * *
The four-headed hydra closely misses you. x2
The four-headed hydra bites you!
You die...

.#__#...')#§§§#.#.#.).#.#.#.#.#††
_#__'...#.#§§.#...#.).##.#.#.##..
▓▓▓▓▓▓▓▓▓▓▓▓▓▓▓▓▓▓▓▓▓▓#.#.#.#.#..
.....~~~........~~~...##.#.#.##..
≈'..'.≈≈≈≈≈≈≈≈≈≈≈≈♣♣P.'.#.#.#.#..
.#)~......♣....♣♣♣♣♣PP##)#.#.####
♣#.............♣♣ ♣♣♣##'########
###+♣....♣..♣♣.♣♣♣♣ #...'.§≈≈≈#
##..##~~~~~@D.# #...#.≈≈≈≈# ♣
s##.#~~~~≈.D.# #...#.#§§§# .♣ k#
##+~~~≈≈### #####.#§§§≈ ♣♣ #.
#~S.... #.P...# #≈≈ # #≈..+###
#.....# )≈ #... #..)).# # ....
#....P# ##### #'##### #.....+


You could see an eight-headed hydra, a four-headed hydra and an electric eel.

Vanquished Creatures
  Rupert (D)
  A deep elf master archer (D)
  Gastronok (D)
  Dowan (D)
  2 deep elf annihilators (D)
  2 deep elf demonologists (D)
  2 dire elephants (D)
  2 deep elf death magi (D)
  3 yaktaur captains (D)
  Erica (D)
  A centaur warrior (D)
  2 orc high priests (D)
  A deep elf knight (D)
  An obsidian statue (D)
  3 deep elf pyromancers (D)
  A deep elf zephyrmancer (D)
  3 orc sorcerers (D)
  A crystal guardian (D)
  2 elephants (D)
  Duvessa (D)
  2 cane toads (D)
  A komodo dragon (D)
  An unseen horror (D)
  A rime drake (D)
  4 spriggan defenders (D)
  3 wandering mushrooms (D)
  A tyrant leech (D)
  A queen bee (D)
  5 blink frogs (D)
  A shadow (D)
  A redback (D)
  A spatial vortex (D)
  3 orc warriors (D)
  A swamp drake (D)
  2 centaurs (D)
  An earth elemental (D)
  A water elemental (D)
  A necrophage (D)
  A scorpion (D)
  32 killer bees (D)
  6 orc priests (D)
  A jelly (D)
  A wizard (D)
  Jessica (D)
  A necromancer (D)
  A kobold demonologist (D)
  3 humans (D)
  7 orcs (D)
  An endoplasm (D)
  2 rats (D)
120 creatures vanquished.

Vanquished Creatures (collateral kills)
  A deep elf zephyrmancer (D)
1 creature vanquished.

Vanquished Creatures (others)
  An orc (D)
  A ball lightning (D)
  152 foxfires (D)
154 creatures vanquished.

Grand Total: 275 creatures vanquished

Notes
Turn   | Place    | Note
-------+----------+-------------------------------------------
     0 | D        | Conn the Octopode Fire Elementalist began the quest for the
                  | Orb.
     0 | D        | Reached XP level 1. HP: 11/11 MP: 3/3
    93 | D        | Noticed Jessica
   108 | D        | Killed Jessica
   109 | D        | Reached skill level 5 in Fire Magic
   109 | D        | Reached XP level 2. HP: 17/17 MP: 0/6
   109 | D        | Reached XP level 3. HP: 21/21 MP: 0/7
   115 | D        | Learned a level 2 spell: Scorch
   119 | D        | Learned a level 3 spell: Inner Flame
   205 | D        | Noticed a scorpion
   207 | D        | Killed a scorpion
   208 | D        | Reached skill level 6 in Fire Magic
   208 | D        | Reached XP level 4. HP: 27/27 MP: 3/10
   231 | D        | Reached skill level 7 in Fire Magic
   364 | D        | Learned a level 4 spell: Flame Wave
   364 | D        | Noticed a water elemental
   366 | D        | Killed a water elemental
   367 | D        | Reached skill level 5 in Spellcasting
   367 | D        | Reached skill level 8 in Fire Magic
   367 | D        | Reached XP level 5. HP: 31/31 MP: 6/12
   410 | D        | Noticed a human
   411 | D        | Noticed a human
   415 | D        | Killed a human
   416 | D        | Reached skill level 5 in Stealth
   416 | D        | Reached skill level 9 in Fire Magic
   416 | D        | Reached XP level 6. HP: 16/36 MP: 3/15
   438 | D        | Killed a human
   439 | D        | Reached skill level 10 in Fire Magic
   439 | D        | Reached XP level 7. HP: 11/42 MP: 0/18
   577 | D        | Found an ornate altar of the Wu Jian Council.
   578 | D        | Found a hide-covered altar of Uskayaw.
   578 | D        | Found an iron altar of Okawaru.
   578 | D        | Found a bloodstained altar of Trog.
   587 | D        | Found a radiant altar of Vehumet.
   587 | D        | Found a shimmering blue altar of Sif Muna.
   587 | D        | Found an ancient bone altar of Kikubaaqudgha.
   598 | D        | Became a worshipper of Sif Muna the Loreminder
   611 | D        | Learned a level 3 spell: Stone Arrow
   611 | D        | Found a glowing silver altar of Zin.
   611 | D        | Found a glowing golden altar of the Shining One.
   611 | D        | Found a white marble altar of Elyvilon.
   615 | D        | Noticed a deep elf pyromancer
   616 | D        | Killed a deep elf pyromancer
   617 | D        | Reached skill level 1 in Fighting
   617 | D        | Reached skill level 5 in Dodging
   617 | D        | Reached skill level 1 in Hexes
   617 | D        | Reached skill level 11 in Fire Magic
   617 | D        | Reached XP level 8. HP: 48/48 MP: 8/21
   699 | D        | Found a basalt altar of Yredelemnul.
   699 | D        | Found a shadowy altar of Dithmenos.
   699 | D        | Found a sacrificial altar of Ru.
   702 | D        | Reached * piety under Sif Muna
   752 | D        | Noticed a shadow
   756 | D        | Killed a shadow
   757 | D        | Reached skill level 10 in Spellcasting
   757 | D        | Reached skill level 1 in Earth Magic
   824 | D        | Found a blossoming altar of Fedhas.
   824 | D        | Found a stormy altar of Qazlal.
   824 | D        | Found a snail-covered altar of Cheibriados.
   824 | D        | Found a burning altar of Makhleb.
   824 | D        | Found a shimmering altar of Xom.
   825 | D        | Found a hazy altar of Hepliaklqana.
   825 | D        | Found an opulent altar of Gozag.
   825 | D        | Found a sparkling altar of Nemelex Xobeh.
   825 | D        | Found a corrupted altar of Lugonu.
   825 | D        | Found a viscous altar of Jiyva.
   978 | D        | Reached ** piety under Sif Muna
   979 | D        | Reached skill level 5 in Conjurations
   979 | D        | Reached skill level 12 in Fire Magic
  1126 | D        | Noticed Erica
  1136 | D        | Killed Erica
  1137 | D        | Reached XP level 9. HP: 38/54 MP: 10/24
  1240 | D        | Noticed an orc sorcerer
  1247 | D        | Killed an orc sorcerer
  1250 | D        | Reached *** piety under Sif Muna
  1264 | D        | Reached **** piety under Sif Muna
  1265 | D        | Noticed an orc sorcerer
  1267 | D        | Killed an orc sorcerer
  1268 | D        | Reached skill level 13 in Fire Magic
  1410 | D        | Noticed an orc high priest
  1418 | D        | Reached ***** piety under Sif Muna
  1440 | D        | Killed an orc high priest
  1441 | D        | Reached skill level 5 in Earth Magic
  1441 | D        | Reached XP level 10. HP: 50/60 MP: 9/27
  1479 | D        | Received a gift from Sif Muna
  1483 | D        | Got Sif Muna's Guidebook on Trauma and the Quake {god gift}
  1493 | D        | Noticed an orc sorcerer
  1504 | D        | Noticed an orange demon
  1504 | D        | Killed an orc sorcerer
  1638 | D        | Found Juluhima's Armour Emporium.
  1658 | D        | Bought a +2 hat for 224 gold pieces
  1676 | D        | Learned a level 5 spell: Fireball
  1681 | D        | Learned a level 4 spell: Iskenderun's Mystic Blast
  1687 | D        | Learned a level 5 spell: Lee's Rapid Deconstruction
  1693 | D        | Learned a level 5 spell: Irradiate
  1693 | D        | Noticed a deep elf pyromancer
  1693 | D        | Noticed a deep elf knight
  1693 | D        | Noticed a deep elf pyromancer
  1693 | D        | Noticed a deep elf zephyrmancer
  1693 | D        | Noticed a deep elf zephyrmancer
  1725 | D        | Killed a deep elf zephyrmancer
  1728 | D        | Killed a deep elf knight
  1729 | D        | Reached skill level 14 in Fire Magic
  1733 | D        | Killed a deep elf pyromancer
  1743 | D        | Killed a deep elf zephyrmancer
  1744 | D        | Killed a deep elf pyromancer
  1744 | D        | Received a gift from Sif Muna
  1746 | D        | Got Sif Muna's Exposition on the Fiery Adder {god gift}
  1892 | D        | Noticed a deep elf annihilator
  1894 | D        | Noticed a deep elf annihilator
  1900 | D        | Killed a deep elf death mage
  1901 | D        | Reached skill level 10 in Conjurations
  1901 | D        | Reached skill level 15 in Fire Magic
  1901 | D        | Reached XP level 11. HP: 64/64 MP: 7/28
  1902 | D        | Noticed a deep elf death mage
  1904 | D        | Killed a deep elf annihilator
  1904 | D        | Killed a deep elf annihilator
  1905 | D        | Reached skill level 5 in Hexes
  1905 | D        | Reached skill level 1 in Invocations
  1909 | D        | Killed a deep elf death mage
  1910 | D        | Reached skill level 16 in Fire Magic
  1911 | D        | Noticed a deep elf demonologist
  2003 | D        | Identified the +0 hand axe of Departure {vamp, rF+ Int-4
                  | Dex+4}
  2003 | D        | Noticed a deep elf demonologist
  2005 | D        | Identified the +7 war axe of the Pyrrhic Victory {flame,
                  | rElec rN+ rCorr} (You took it off a deep elf death mage in
                  | the Dungeon)
  2006 | D        | Killed a deep elf demonologist
  2155 | D        | Killed a deep elf demonologist
  2155 | D        | Received a gift from Sif Muna
  2156 | D        | Reached skill level 10 in Earth Magic
  2156 | D        | Got Sif Muna's Excursus on Puissant Amathomancy {god gift}
  2225 | D        | Identified the amulet of the Rose {Spirit Harm rC+ Regen+
                  | Str-2} (You took it off a deep elf death mage in the
                  | Dungeon)
  2225 | D        | Noticed a deep elf master archer
  2681 | D        | Killed a deep elf master archer
  2793 | D        | Identified the ring of the Freezing Gods {rPois rC+ Will+
                  | Stlth+}
  2793 | D        | Identified the ring of the Sky {Wiz rN+ Str+4}
  2807 | D        | Got the Papyrus of the Glacier and Beguiling
  2807 | D        | Got the Directory of the Fifth Circle
  2945 | D        | Learned a level 5 spell: Metabolic Englaciation
  2950 | D        | Noticed a centaur warrior
  2953 | D        | Killed a centaur warrior
  2954 | D        | Reached skill level 1 in Ice Magic
  3043 | D        | Received a gift from Sif Muna
  3044 | D        | Reached ****** piety under Sif Muna
  3045 | D        | Reached skill level 17 in Fire Magic
  3045 | D        | Received a gift from Sif Muna
  3046 | D        | Reached XP level 12. HP: 62/70 MP: 18/30
  3049 | D        | Received a gift from Sif Muna
  3054 | D        | Received a gift from Sif Muna
  3095 | D        | Got Sif Muna's Catalogue of the Destructive Sixfirhy {god
                  | gift}
  3095 | D        | Got Sif Muna's Folio of Maleficent Secrets and Silt {god
                  | gift}
  3095 | D        | Got Sif Muna's Treatise on Smouldering Wounds {god gift}
  3202 | D        | Learned a level 6 spell: Starburst
  3202 | D        | Noticed Dowan
  3202 | D        | Noticed Duvessa
  3218 | D        | Killed Duvessa
  3295 | D        | Killed Dowan
  3373 | D        | Received a gift from Sif Muna
  3718 | D        | Received a gift from Sif Muna
  3720 | D        | Got Sif Muna's Monograph on Non-Euclidean Metamorphosis
                  | {god gift}
  3879 | D        | Noticed a yaktaur captain
  3879 | D        | Noticed a yaktaur captain
  3880 | D        | Noticed a yaktaur captain
  3884 | D        | Killed a yaktaur captain
  3978 | D        | Killed a yaktaur captain
  3979 | D        | Reached skill level 5 in Ice Magic
  4048 | D        | Killed a yaktaur captain
  4049 | D        | Reached skill level 15 in Spellcasting
  4298 | D        | Received a gift from Sif Muna
  4372 | D        | Learned a level 3 spell: Mephitic Cloud
  4377 | D        | Learned a level 3 spell: Summon Guardian Golem
  4383 | D        | Reached skill level 15 in Conjurations
  4413 | D        | Received a gift from Sif Muna
  4414 | D        | Reached skill level 18 in Fire Magic
  4514 | D        | Noticed a dire elephant
  4521 | D        | Reached XP level 13. HP: 76/76 MP: 10/32
  4523 | D        | Killed a dire elephant
  4546 | D        | Noticed Gastronok
  4565 | D        | Killed Gastronok
  4612 | D        | Noticed a dire elephant
  4715 | D        | Noticed Rupert
  4726 | D        | Killed Rupert
  4726 | D        | Received a gift from Sif Muna
  4727 | D        | Got Sif Muna's Precepts of Tectonic Immolation {god gift}
  4817 | D        | Killed a dire elephant
  5026 | D        | Mangled by a four-headed hydra

Illustrated notes

Levels and vault maps discovered:
D:        dungeon_sprint_mu [sprint_mu_entry_cave, sprint_mu_temple_rooms,
          sprint_mu_d1_horrors, sprint_mu_d2_genie, sprint_mu_d3_branching,
          sprint_mu_orc_legion, sprint_mu_elf_gauntlet, sprint_mu_hive_nellie,
          sprint_mu_lair_fedhas, sprint_mu_vaults_butterflies,
          sprint_mu_slime_circle, sprint_mu_swamp_cave, sprint_mu_snake_twists,
          sprint_mu_blade_basic, sprint_mu_crypt_lich, sprint_mu_tomb_spiral,
          sprint_mu_vestibule_basic, sprint_mu_gehenna_hellfire,
          sprint_mu_dis_giant, sprint_mu_tartarus_statrot,
          sprint_mu_cocytus_islands, sprint_mu_zot1]

Skill      XL: |  1  2  3  4  5  6  7  8  9 10 11 12 13 |
---------------+----------------------------------------+-----
Stealth        | 3 4 5 6 7 |  7.0
Spellcasting   | 3 4 5 6 7 9 11 13 14 15 16 | 16.5
Fire Magic     | 5 6 8 9 10 11 12 13 15 17 18 | 18.7
Dodging        | 3 4 5 6 |  6.3
Conjurations   | 2 3 4 6 7 10 12 15 | 15.7
Fighting       | 1 2 |  2.6
Hexes          | 1 2 4 6 |  6.5
Earth Magic    | 3 5 8 10 12 13 | 13.2
Invocations    | 3 |  3.3
Ice Magic      | 1 6 |  6.0
Summonings     | |  0.6
Translocations | |  0.4
Evocations     | |  0.1

Action                     |  1- 3 |  4- 6 |  7- 9 | 10-12 | 13-15 || total
---------------------------+-------+-------+-------+-------+-------++-------
  Melee: Staff             |       |     3 |     2 |     2 |       ||     7
         Constrict         |       |     1 |     1 |     1 |       ||     3
         Tentacles         |       |     1 |       |       |       ||     1
         Punch             |       |       |     1 |       |       ||     1
  Throw: Dart              |       |       |       |       |     1 ||     1
   Cast: Foxfire           |     9 |     3 |    60 |    16 |     8 ||    96
         Scorch            |     2 |     7 |    14 |    27 |     1 ||    51
         Inner Flame       |       |     2 |     8 |     5 |     2 ||    17
         Flame Wave        |       |       |     6 |     6 |       ||    12
         Fireball          |       |       |       |    48 |     2 ||    50
         Lee's Rapid Decon |       |       |       |    14 |       ||    14
         Starburst         |       |       |       |     6 |     9 ||    15
         Iskenderun's Myst |       |       |       |     4 |     1 ||     5
         Mephitic Cloud    |       |       |       |       |     1 ||     1
         Summon Guardian G |       |       |       |       |     1 ||     1
 Invoke: Channel Magic     |       |       |       |     1 |       ||     1
  Evoke: Box of beasts     |       |       |       |     1 |       ||     1
    Use: Potion            |       |     3 |     2 |     2 |       ||     7
         Scroll            |       |     3 |       |     3 |       ||     6
   Stab: Sleeping          |       |       |     1 |       |       ||     1
 Armour: Skin              |       |       |       |    12 |       ||    12
  Dodge: Dodged            |     2 |     1 |     3 |    16 |    11 ||    33
  Block: Other             |       |       |       |     1 |     4 ||     5
         Reflection        |       |       |       |     1 |       ||     1

Table legend: (Time is in decaauts)
 A = Elapsed time spent in this place.
 B = Non-inter-level travel time spent in this place.
 C = Inter-level travel time spent in this place.
 D = Time resting spent in this place.
 E = Time spent auto-exploring this place.
 F = Levels seen in this place.
 G = Mean time per level.
                   A        B        C        D        E       F      G
               +--------+--------+--------+--------+--------+-----+--------+
         Total |   5017 |   5017 |      0 |   3131 |    243 |   1 | 5017.0 |
       Dungeon |   5017 |   5017 |      0 |   3131 |    243 |   1 | 5017.0 |
               +--------+--------+--------+--------+--------+-----+--------+

Top non-repeatable levels by time:
       D: 5017 daAuts
